 Dungeon Crawl Stone Soup version 0.28-a0-503-g83f2989fac (webtiles) character file.

Game seed: 8745837152649939757

412 Heedrag the Chopper (level 6, -1/55 HPs)
             Began as a Minotaur Berserker on Sept 20, 2021.
             Was a Believer of Trog.
             Slain by a gnoll (7 damage)
             ... on level 4 of the Dungeon.
             The game lasted 00:02:25 (3345 turns).

Heedrag the Chopper (Minotaur Berserker)            Turns: 3345, Time: 00:02:26

Health: -1/55      AC:  5    Str: 24    XL:     6   Next: 59%
Magic:  5/5        EV: 11    Int:  4    God:    Trog [**....]
Gold:   176        SH:  0    Dex:  9    Spells: 5/5 levels left

rFire   . . .      SeeInvis .   a - +0 hand axe
rCold   . . .      Faith    .   (no shield)
rNeg    . . .      Spirit   .   g - +0 ring mail
rPois   .          Reflect  .   (helmet restricted)
rElec   .          Harm     .   (no cloak)
rCorr   .          Rampage  .   (no gloves)
Will    .....                   (no boots)
Stlth   +.........              (no amulet)
HPRegen 0.18/turn               (no ring)
MPRegen 0.09/turn               (no ring)

@: lit by a corona, on berserk cooldown, slowed, glowing, very slow
A: horns 2, retaliatory headbutt
a: Renounce Religion, Berserk, Trog's Hand


You were on level 4 of the Dungeon.
You worshipped Trog.
Trog was pleased with you.
You visited 1 branch of the dungeon, and saw 4 of its levels.

You collected 176 gold pieces.

Inventory:

Hand Weapons
 a - a +0 hand axe (weapon)
 f - a +0 morningstar
Armour
 b - a +0 animal skin
 g - a +0 ring mail (worn)
Jewellery
 i - a ring of fire
Wands
 m - a wand of polymorph (12)
Scrolls
 c - 2 scrolls of identify {unknown}
 d - a scroll of blinking {unknown}
 e - a scroll of enchant armour {unknown}
 k - 5 scrolls of immolation {unknown}
 l - a scroll of brand weapon {unknown}
 n - a scroll of magic mapping {unknown}
Potions
 h - a potion of degeneration {unknown}
 j - 2 potions of heal wounds {unknown}


   Skills:
 + Level 4.8 Fighting
 * Level 7.5 Axes
 + Level 3.6 Armour
 + Level 2.9 Dodging
 + Level 0.7 Stealth


You had 5 spell levels left.
You didn't know any spells.
Your spell library was empty.

Dungeon Overview and Level Annotations

Branches:
Dungeon (4/15)
 Temple: D:4-7

Altars:
Hepliaklqana
Vehumet


Innate Abilities, Weirdness & Mutations

You have a pair of horns on your head.
You reflexively headbutt those who attack you in melee.


Message History

Unknown command.
You feel very sick.
A gnoll comes into view. It is wielding a +0 whip.
You feel sick.
The gnoll shouts!
You hear a shout! x2
A gnoll comes into view. It is wielding a +0 halberd.
A gnoll shaman comes into view. It is wielding a +0 whip.
Unknown command.
You feel sick.
The gnoll shaman shouts!
You feel sick.
The gnoll shaman mumbles some strange prayers to its god against you.
You are outlined in light.
You feel sick.
Your skin crawls.
You feel strong-willed.
You feel sick.
You are no longer poisoned.
The gnoll hits you with a +0 whip. The gnoll hits you with a +0 whip.
A gnoll comes into view. It is wielding a +0 spear.
The gnoll shaman hits you with a +0 whip!
The gnoll shouts!
A gnoll comes into view. It is wielding a +0 flail.
You feel the effects of Trog's Hand fading.
The gnoll shaman hits you with a +0 whip.
The gnoll barely misses you. The gnoll hits you but does no damage.
The gnoll hits you with a +0 whip. The gnoll shaman barely misses you.
The gnoll hits you from afar with a +0 halberd!
You see here a +0 hunting sling.
Your skin stops crawling.
You feel less strong-willed. The gnoll hits you with a +0 whip!
* * * LOW HITPOINT WARNING * * *
The gnoll shaman hits you with a +0 whip.
* * * LOW HITPOINT WARNING * * *
The gnoll barely misses you.
Unknown command.
The gnoll hits you from afar with a +0 halberd!
You die...

.............##
##......####...
.........#....## #....###
#... ....#...####...##
##....## #... .........#
##...###......# #...
..#...#..# ##...........##
##.) .###.###.#
#............## #..
..#...#..# ##............#
##. ...._....#
##...........## ##
..#...#..#####g.@.........#
#
.###.###...##..gg.#########
..#...#......g.g###
...............##
...#######..).## ...#
###### ..## ..# .##


You could see a gnoll shaman and 4 gnolls.

Vanquished Creatures
  A scorpion (D:4)
  2 howler monkeys
  An orc priest (D:3)
  2 iguanas (D:4)
  2 orc wizards
  2 adders (D:3)
  4 gnolls (D:3)
  An adder skeleton (D:4)
  4 worms
  11 orcs
  10 endoplasms
  3 giant cockroaches
  4 hobgoblins
  5 jackals (D:1)
  A quokka (D:3)
  4 ball pythons
  6 bats
  5 frilled lizards
  4 goblins
  2 kobolds
  A rat (D:3)
75 creatures vanquished.

Notes
Turn   | Place    | Note
-------+----------+-------------------------------------------
     0 | D:1      | Heedrag the Minotaur Berserker began the quest for the Orb.
     0 | D:1      | Reached XP level 1. HP: 19/19 MP: 0/0
    31 | D:1      | Reached skill level 4 in Axes
   297 | D:1      | Reached XP level 2. HP: 27/27 MP: 1/1
   385 | D:1      | You fall into a shaft and drop 1 floor!
   746 | D:2      | Reached XP level 3. HP: 33/33 MP: 2/2
   993 | D:2      | Reached ** piety under Trog
  1585 | D:3      | Reached skill level 5 in Axes
  1593 | D:3      | Reached XP level 4. HP: 33/40 MP: 3/3
  1796 | D:3      | Reached skill level 6 in Axes
  1796 | D:3      | Reached XP level 5. HP: 24/47 MP: 4/4
  2187 | D:3      | Found a hazy altar of Hepliaklqana.
  2577 | D:4      | Found a radiant altar of Vehumet.
  2905 | D:4      | Reached skill level 7 in Axes
  2905 | D:4      | Reached XP level 6. HP: 53/53 MP: 5/5
  2925 | D:4      | Reached *** piety under Trog
  3345 | D:4      | Slain by a gnoll

Illustrated notes

Levels and vault maps discovered:
D:1:      ncdulo_wetmaze, layout_rooms, basic_ecumenical_altar, serial_rivers,
          chequers_serial_rivers_room_a, chequers_serial_rivers_room_b,
          chequers_serial_rivers_micro_a, chequers_serial_rivers_micro_b,
          chequers_serial_rivers_large_b, chequers_serial_rivers_marsh
D:2:      minmay_general_purpose_star, layout_basic, serial_corexii_hall,
          corexii_hall_statues_s, corexii_hall_statues_l, corexii_hall_statues_x
D:3:      layout_loops_ring, worldfamousw_hep_ancestral_shrine,
          kennysheep_cross_room
D:4:      layout_layer_cave, vehumet_crystals

Skill      XL: |  1  2  3  4  5 |
---------------+----------------+-----
Axes           | 4 5 6 7 |  7.5
Fighting       | 4 |  4.8
Armour         | 3 |  3.6
Dodging        | |  2.9
Stealth        | |  0.7

Action                   |  1- 3 |  4- 6 || total
-------------------------+-------+-------++-------
Melee: Hand axe          |    70 |    85 ||   155
       Headbutt          |     7 |    11 ||    18
Invok: Berserk           |     1 |     1 ||     2
       Trog's Hand       |       |     1 ||     1
Armor: Animal skin       |     7 |       ||     7
       Ring mail         |     3 |    16 ||    19
Dodge: Dodged            |    44 |    45 ||    89

Table legend: (Time is in decaauts)
 A = Elapsed time spent in this place.
 B = Non-inter-level travel time spent in this place.
 C = Inter-level travel time spent in this place.
 D = Time resting spent in this place.
 E = Time spent auto-exploring this place.
 F = Levels seen in this place.
 G = Mean time per level.
                   A        B        C        D        E       F      G
               +--------+--------+--------+--------+--------+-----+--------+
         Total |   3371 |   3221 |    150 |    407 |   2428 |   4 |  842.8 |
       Dungeon |   3371 |   3221 |    150 |    407 |   2428 |   4 |  842.8 |
               +--------+--------+--------+--------+--------+-----+--------+

Top non-repeatable levels by time:
     D:3: 1125 daAuts
     D:2: 1064 daAuts
     D:4: 788 daAuts
     D:1: 393 daAuts
